 Dungeon Crawl Stone Soup version 0.18.1-6-gd335043 (webtiles) character file.

1742 epen the Cleaver (level 8, -26/71 HPs)
             Began as a Minotaur Fighter on May 15, 2016.
             Killed from afar by epen's ghost (39 damage)
             ... with a bolt of negative energy
             ... on level 6 of the Dungeon.
             The game lasted 00:08:29 (4706 turns).

epen the Cleaver (Minotaur Fighter)                 Turns: 4706, Time: 00:08:29

Health: -26/71     AC:  8    Str: 23    XL:     8   Next: 77%
Magic:  6/7        EV: 12    Int:  5    God:
Gold:   295        SH:  0    Dex: 10    Spells: 0 memorised, 7 levels left

rFire  . . .     SeeInvis .     o - +2 dagger (drain)
rCold  . . .     Gourm    .     b - +0 scale mail
rNeg   . . .     Faith    .     (no shield)
rPois  .         Spirit   .     (helmet restricted)
rElec  .         Dismiss  .     (no cloak)
rCorr  .         Reflect  .     (no gloves)
SustAt .         Harm     .     l - +0 pair of boots
MR     .....                    (no amulet)
Stlth  ..........               (no ring)
                                (no ring)

@: heavily drained, not resistant to hostile enchantments, extremely unstealthy
A: retaliatory headbutt, horns 2
a: no special abilities


You were on level 6 of the Dungeon.
You were not hungry.

You visited 1 branch of the dungeon, and saw 6 of its levels.

You collected 295 gold pieces.

Inventory:

Hand Weapons
 a - a +0 war axe
 o - a +2 dagger of draining (weapon)
Armour
 b - a +0 scale mail (worn)
 c - a +0 shield
 l - a +0 pair of boots (worn)
Jewellery
 C - an uncursed amulet of rage {unknown}
Wands
 z - a wand of random effects (32/48)
 A - a wand of hasting (3/9)
Scrolls
 g - a scroll of magic mapping {unknown}
 m - a scroll of teleportation {unknown}
 p - 2 scrolls of random uselessness {unknown}
 q - 9 scrolls of identify {unknown}
 r - a scroll of fog {unknown}
 t - 3 scrolls of remove curse {unknown}
 u - 2 scrolls of enchant armour {unknown}
 v - 2 scrolls of recharging {unknown}
 y - a scroll of noise {unknown}
 D - a scroll of immolation {unknown}
 F - a scroll of amnesia {unknown}
Potions
 d - a potion of might
 e - 2 potions of agility
 h - a potion of berserk rage {unknown}
 j - 4 potions of brilliance
 k - 2 potions of flight
 n - 2 potions of curing
 w - 3 potions of ambrosia {unknown}
 x - 3 potions of lignification {unknown}
 B - 2 potions of cure mutation {unknown}
Comestibles
 f - 6 bread rations
 i - 3 meat rations
 s - 2 royal jellies
 G - a beef jerky


   Skills:
 + Level 6.6(4.9) Fighting
 * Level 8.3(6.5) Axes
 + Level 6.5(4.7) Armour
 * Level 6.8(5.0) Dodging
 - Level 3.6(2.0) Shields


You had 7 spell levels left.
You didn't know any spells.

Dungeon Overview and Level Annotations

Branches:
Dungeon (6/15)
 Temple: D:4-7

Altars:
Fedhas
Gozag
Kikubaaqudgha
Nemelex Xobeh
Vehumet
Xom
The Shining One

Annotations:
D:3 exclusion: oklob plant
D:6 epen's ghost, novice DrCK


Innate Abilities, Weirdness & Mutations

You reflexively headbutt those who attack you in melee.
You have a pair of horns on your head.


Message History

You feel sick.
You feel sick. Epen's ghost hits you.
* * * LOW HITPOINT WARNING * * *
You feel your power leaking away.
You feel sick.
You feel sick.
Epen's ghost breathes negative energy at you.
The bolt of negative energy hits you!
You feel drained.
* * * LOW HITPOINT WARNING * * *
* * * LOW HITPOINT WARNING * * *
You feel sick.
Drink which item? (? for menu, Esc to quit)
You feel better.
Epen's ghost breathes negative energy at you.
The bolt of negative energy misses you.
Found 13 gold pieces.
Epen's ghost breathes negative energy at you.
The bolt of negative energy hits you!
You feel drained.
Ouch! That really hurt!
You die...

### ## #.. .$# #.# #.####
#.# #.(...
######.######..#######
#.#..................>
###....................#
#
#.#.#########.##@#####.##
.# .....#
#.##.####..(##..###
#.#..#
#.........#........
#.#..#
#..#W####..[##..###
..#..# #..#.#####.###..##
###..# #..#.......†.....#
...# #..###########....
.##.## ...# .# (...#
##.##


You could see epen's ghost.

Vanquished Creatures
  Grinder (D:3)
  The ghost of Waterpls the Slasher, an amateur HESk (D:3)
  A sky beast (D:5)
  A phantom (D:5)
  An ogre (D:4)
  An ice beast (D:5)
  A centaur (D:5)
  A giant frog (D:5)
  A scorpion (D:3)
  A howler monkey (D:5)
  3 crimson imps (D:5)
  A giant frog zombie (D:5)
  A centaur zombie (D:6)
  7 orc priests
  2 orc wizards
  5 worker ants
  A killer bee zombie (D:5)
  2 hound skeletons (D:5)
  2 worker ant zombies (D:5)
  10 adders
  2 shadow imps
  An ooze (D:4)
  4 worms
  2 dart slugs (D:1)
  5 giant geckos
  11 orcs
  5 bats
  3 giant cockroaches
  9 goblins
  10 hobgoblins
  17 jackals
  2 quokkas
  A giant newt (D:2)
  A jackal zombie (D:5)
  3 kobolds
  A quokka zombie (D:5)
  2 rats (D:2)
123 creatures vanquished.

Notes
Turn   | Place    | Note
--------------------------------------------------------------
     0 | D:1      | epen the Minotaur Fighter began the quest for the Orb.
     0 | D:1      | Reached XP level 1. HP: 19/19 MP: 0/0
   210 | D:1      | Reached XP level 2. HP: 27/27 MP: 1/1
   215 | D:1      | Reached skill level 3 in Axes
   405 | D:1      | Found a glowing golden altar of the Shining One.
   407 | D:1      | Reached skill level 1 in Dodging
   659 | D:2      | Found a shimmering altar of Xom.
   749 | D:2      | Reached XP level 3. HP: 32/33 MP: 2/2
   843 | D:2      | Found an ancient bone altar of Kikubaaqudgha.
   845 | D:2      | Found a blossoming altar of Fedhas.
  1033 | D:2      | Reached XP level 4. HP: 40/40 MP: 3/3
  1147 | D:3      | Noticed Grinder
  1152 | D:3      | Paralysed by Grinder for 4 turns
  1163 | D:3      | Killed Grinder
  1163 | D:3      | Reached skill level 5 in Axes
  1163 | D:3      | Reached XP level 5. HP: 5/47 MP: 4/4
  1163 | D:3      | Reached XP level 6. HP: 6/53 MP: 5/5
  1571 | D:3      | Noticed Waterpls's ghost (amateur HESk)
  1620 | D:3      | Killed Waterpls's ghost
  1620 | D:3      | Reached skill level 5 in Fighting
  2115 | D:3      | Found a blossoming altar of Fedhas.
  2133 | D:3      | Noticed an oklob plant
  2181 | D:3      | Found an opulent altar of Gozag.
  2182 | D:3      | Found a sparkling altar of Nemelex Xobeh.
  2378 | D:3      | Reached skill level 5 in Armour
  2525 | D:4      | Reached XP level 7. HP: 61/61 MP: 6/6
  2529 | D:4      | Reached skill level 6 in Axes
  3291 | D:4      | Reached skill level 5 in Dodging
  3536 | D:4      | Found a radiant altar of Vehumet.
  3679 | D:5      | Entered Level 5 of the Dungeon
  3737 | D:5      | Reached skill level 7 in Axes
  3747 | D:5      | Reached XP level 8. HP: 18/70 MP: 7/7
  4491 | D:5      | Reached skill level 8 in Axes
  4687 | D:6      | Noticed epen's ghost (novice DrCK)
  4706 | D:6      | Killed from afar by epen's ghost

Skill      XL: |  1  2  3  4  5  6  7  8 |
---------------+-------------------------+-----
Axes           | 3 5 7 8 |  8.3
Dodging        | 1 2 3 4 5 6 |  6.8
Fighting       | 4 5 6 |  6.6
Armour         | 4 5 6 |  6.5
Shields        | |  3.6

Action                   |  1- 3 |  4- 6 |  7- 9 || total
-------------------------+-------+-------+-------++-------
Melee: War axe           |    18 |       |       ||    18
       Headbutt          |    10 |    14 |    53 ||    77
       Dagger            |    62 |    96 |   233 ||   391
Evoke: Wand              |       |       |     1 ||     1
  Use: Potion            |       |     3 |     2 ||     5
  Eat: Chunk             |       |     4 |     4 ||     8
       Bread ration      |       |       |     1 ||     1
Armor: Scale mail        |    38 |    53 |   104 ||   195
Dodge: Dodged            |    44 |    59 |   134 ||   237
